 Dungeon Crawl Stone Soup version 0.20-a0-513-g02c11fc (webtiles) character file.

43709 Klosterheim the Brawler (level 13, -7/136 HPs)
             Began as a Troll Monk on Jan 22, 2017.
             Was a High Priest of Makhleb.
             Mangled by an entropy weaver (9 damage)
             ... on level 5 of the Lair of Beasts.
             The game lasted 01:06:13 (19121 turns).

Klosterheim the Brawler (Troll Monk)               Turns: 19121, Time: 01:06:14

Health: -7/136     AC: -4    Str: 31    XL:     13   Next: 92%
Magic:  19/19      EV: 13    Int:  6    God:    Makhleb [*****.]
Gold:   1030       SH:  0    Dex: 12    Spells: 12/12 levels left

rFire    + . .     SeeInvis .     - Unarmed
rCold    . . .     Gourm    +   t - +3 robe of Proximity {rPois rF+ Slay-3}
rNeg     . . .     Faith    .   (no shield)
rPois    +         Spirit   .   (helmet restricted)
rElec    .         Reflect  .   (no cloak)
rCorr    .         Harm     +   (gloves unavailable)
MR       +....                  (boots unavailable)
Stlth    ++........             N - amulet of harm
Regen    0.8/turn               H - ring of protection from magic
                                (no ring)

@: mighty, corroded
A: unfitting armour, claws 3, fast metabolism 3, gourmand, regeneration 1,
shaggy fur 1, tough skin 2
a: Minor Destruction, Lesser Servant of Makhleb, Major Destruction, Greater
Servant of Makhleb, Renounce Religion


You were on level 5 of the Lair of Beasts.
You worshipped Makhleb.
Makhleb was extremely pleased with you.
You were very full.

You visited 3 branches of the dungeon, and saw 18 of its levels.
You also visited: Ice Cave.

You collected 1370 gold pieces.
You spent 340 gold pieces at shops.

Inventory:

Missiles
 i - 10 large rocks (quivered)
Armour
 o - a +0 troll leather armour
 t - the +3 robe of Proximity (worn) {rPois rF+ Slay-3}
   (You bought it in a shop on level 9 of the Dungeon)

   It affects your accuracy and damage with ranged weapons and melee attacks
   (-3).
   It protects you from fire.
   It protects you from poison.
Jewellery
 a - the ring of the Heavens {rCorr rElec}
   (You found it on level 1 of the Lair of Beasts)

   [ring of resist corrosion]

   It insulates you from electricity.
 k - a +2 ring of strength
 D - a +3 ring of slaying
 H - a ring of protection from magic (right claw)
 M - a cursed -2 ring of protection {unknown}
 N - an amulet of harm (around neck)
Wands
 f - a wand of iceblast (7/15)
 l - a wand of disintegration (8/24)
 m - a wand of acid (11/15)
 q - a wand of disintegration (6/24)
 w - a wand of polymorph (13/24)
 y - a wand of iceblast (4/15)
 z - a wand of lightning (7/15)
 I - a wand of scattershot (7/9)
 K - a wand of random effects (37/48)
 L - a wand of acid (5/15)
 Q - a wand of clouds (3/9)
 S - a wand of flame (23/48)
Scrolls
 e - 7 scrolls of magic mapping
 n - 12 scrolls of remove curse
 r - 5 scrolls of teleportation
 x - a scroll of amnesia
 G - 2 scrolls of identify
 V - a scroll of fear
Potions
 d - 2 potions of agility
 g - 2 potions of cure mutation
 s - 4 potions of flight
 v - a potion of might
 A - 5 potions of curing
 C - 2 potions of haste
 F - 2 potions of cancellation
 J - 3 potions of heal wounds
 O - a potion of beneficial mutation {unknown}
 T - a potion of brilliance
Books
 c - a Young Poisoner's Handbook

   Spells                             Type                      Level
   a - Sting                          Conjuration/Poison           1
   b - Poisonous Vapours              Poison/Air                   2
   c - Mephitic Cloud                 Conjuration/Poison/Air       3
   d - Olgreb's Toxic Radiance        Poison                       4
   e - Venom Bolt                     Conjuration/Poison           5
 B - a book of Misfortune

   Spells                             Type                      Level
   a - Confusing Touch                Hexes                        1
   b - Confuse                        Hexes                        3
   c - Gell's Gravitas                Hexes/Translocation          3
   d - Petrify                        Transmutation/Earth          4
   e - Metabolic Englaciation         Hexes/Ice                    5
   f - Yara's Violent Unravelling     Hexes/Transmutation          5
 E - a book of Air

   Spells                             Type                      Level
   a - Shock                          Conjuration/Air              1
   b - Swiftness                      Charms/Air                   2
   c - Repel Missiles                 Charms/Air                   2
   d - Static Discharge               Conjuration/Air              3
   e - Lightning Bolt                 Conjuration/Air              5
 P - a book of Burglary

   Spells                             Type                      Level
   a - Swiftness                      Charms/Air                   2
   b - Passwall                       Transmutation/Earth          2
   c - Passage of Golubria            Translocation                4
   d - Lee's Rapid Deconstruction     Earth                        5
   e - Darkness                       Hexes                        6
   f - Invisibility                   Hexes                        6
 U - a book of Party Tricks

   Spells                             Type                      Level
   a - Summon Butterflies             Summoning                    1
   b - Apportation                    Translocation                1
   c - Lesser Beckoning               Translocation                3
   d - Tukima's Dance                 Hexes                        3
   e - Alistair's Intoxication        Transmutation/Poison         5
   f - Invisibility                   Hexes                        6
Miscellaneous
 u - a lightning rod (4/4)
Comestibles
 b - 9 bread rations
 h - 30 royal jellies
 j - 6 fruits
 p - 15 meat rations


   Skills:
 + Level 10.9 Fighting
 - Level 4.2 Throwing
 - Level 7.5 Dodging
 - Level 1.0 Stealth
 + Level 15.3 Unarmed Combat
 + Level 9.4 Invocations


You had 12 spell levels left.
You didn't know any spells.

Dungeon Overview and Level Annotations

Branches:
Dungeon (12/15)            Temple (0/1) D:7            Lair (5/6) D:8
  Swamp (0/4) Lair:4       Spider (0/4) Lair:2        Slime (1/5) Lair:5
    Orc (0/2) D:11

Altars:
Ashenzari
Makhleb
Nemelex Xobeh
Qazlal
Ru
Vehumet
Xom
Yredelemnul
Zin
Jiyva

Shops:
D:4 =   D:9 [

Annotations:
D:7 asdu's ghost, novice HuAE
D:8 mopl's ghost, novice BaFi
D:9 exclusion: ice statue


Innate Abilities, Weirdness & Mutations

You are too large for most types of armour.
You have claws for hands.
Your metabolism is lightning-fast.
You like to eat raw meat.
Your natural rate of healing is unusually fast.
You are covered in fur. (AC +1)
You have very tough skin. (AC +2)


Message History

The entropic weave corrodes you!
Okay, then.
A demon appears!
It doesn't seem very happy.
The entropy weaver hits you. The entropy weaver closely misses you.
The entropy weaver hits you. x2
The entropy weaver mumbles some strange words.
The entropic weave corrodes you! The entropy weaver hits you! x2
* * * LOW HITPOINT WARNING * * *
The entropy weaver closely misses you. The entropy weaver hits you!
* * * LOW HITPOINT WARNING * * *
The entropy weaver hits you.
* * * LOW HITPOINT WARNING * * *
The entropy weaver hits you!
* * * LOW HITPOINT WARNING * * *
The entropy weaver hits you.
* * * LOW HITPOINT WARNING * * *
The entropy weaver closely misses you. The entropy weaver barely misses you.
The entropy weaver hits you!
You die...

....≈≈≈..≈≈≈≈.....##...##..#.....
#..≈≈≈≈≈≈≈≈≈≈.........##.........
#....≈≈≈≈≈≈≈≈.........##.........
......≈≈≈≈≈.≈.......###..........
......≈.≈≈≈......#####...........
................##...............
.................................
.......#........aa...............
.......##....>..@................
........#.........2..............
.###...#################.........
....P..# # ### # # #.........
....... .(#.#≈≈≈.#. #.........
#...# #.#.#. a#.# #.........
#...#### #.#.. a.# #.........
#....#.# #.#. #.# ###.........
.......# #..###.##.##........#


You could see a cacodemon and 2 entropy weavers.

Vanquished Creatures
  2 two-headed ogres
  Pikel (D:6)
  An ugly thing (D:12)
  A cyclops (D:12)
  A manticore (D:11)
  10 elephants
  An ice statue (IceCv)
  A torpor snail (Lair:2)
  6 spiny frogs
  2 gargoyles
  6 komodo dragons
  A queen bee (D:12)
  13 polar bears
  3 meliai (D:12)
  A troll (D:12)
  30 blink frogs
  5 slime creatures
  4 hippogriffs
  39 yaks
  A hungry ghost (D:11)
  A wyvern (D:12)
  A steam dragon (Lair:3)
  2 vampire mosquitoes (D:12)
  Grum (D:8)
  A basilisk (Lair:5)
  3 soldier ants
  12 water moccasins
  7 porcupines
  2 ice beasts
  8 orc warriors
  A sky beast (D:5)
  A slave (D:6)
  2 necrophages
  A hornet zombie (D:9)
  2 black bears
  20 wolves
  14 centaurs
  3 ogres
  8 crocodiles
  16 bullfrogs
  3 water moccasin zombies
  7 scorpions
  A water moccasin skeleton (D:8)
  28 killer bees
  15 wights
  2 howler monkeys
  6 crimson imps
  A bullfrog zombie (D:8)
  A centaur zombie (D:10)
  4 hounds
  5 jellies
  15 orc wizards
  6 centaur skeletons
  5 orc priests
  2 bullfrog skeletons
  6 iguanas
  Terence (D:2)
  3 worker ants
  A hound zombie (D:7)
  A hound skeleton (D:6)
  A worker ant zombie (D:11)
  12 adders
  A howler monkey skeleton (D:9)
  A shadow imp (D:5)
  6 oozes
  An adder zombie (D:9)
  3 worms
  2 dart slugs
  7 leopard geckos
  37 orcs
  6 giant cockroaches
  2 gnoll zombies (D:8)
  13 goblins
  10 hobgoblins
  9 jackals
  3 quokkas
  A ball python (D:2)
  9 bats
  4 frilled lizards
  A jackal skeleton (D:6)
  A jackal zombie (D:5)
  5 kobolds
  A quokka skeleton (D:7)
  4 rats
488 creatures vanquished.

Vanquished Creatures (collateral kills)
  2 hydras
  3 two-headed ogres
  Joseph (D:7)
  A polar bear (IceCv)
  An ice beast (D:7)
8 creatures vanquished.

Vanquished Creatures (others)
  2 adders (D:6)
  A fungus (Lair:4)
  4 plants
7 creatures vanquished.

Grand Total: 503 creatures vanquished

Notes
Turn   | Place    | Note
-------+----------+-------------------------------------------
     0 | D:1      | Klosterheim the Troll Monk began the quest for the Orb.
     0 | D:1      | Reached XP level 1. HP: 22/22 MP: 0/0
   207 | D:1      | Reached XP level 2. HP: 29/29 MP: 1/1
   714 | D:1      | Reached XP level 3. HP: 36/36 MP: 2/2
   926 | D:2      | Found a shimmering altar of Xom.
   926 | D:2      | Found a burning altar of Makhleb.
   935 | D:2      | Reached skill level 4 in Unarmed Combat
   979 | D:2      | Became a worshipper of Makhleb the Destroyer
   979 | D:2      | Reached * piety under Makhleb
   979 | D:2      | Reached ** piety under Makhleb
  1205 | D:2      | Noticed Terence
  1215 | D:2      | Killed Terence
  1215 | D:2      | Reached XP level 4. HP: 37/45 MP: 3/3
  1627 | D:2      | Found a sacrificial altar of Ru.
  1984 | D:3      | Reached skill level 1 in Invocations
  1987 | D:3      | Reached XP level 5. HP: 48/53 MP: 4/4
  2409 | D:3      | Reached skill level 5 in Unarmed Combat
  2787 | D:4      | Found Ficvyvezorgh's Jewellery Shop.
  2817 | D:4      | Found a sparkling altar of Nemelex Xobeh.
  2931 | D:4      | Reached XP level 6. HP: 62/62 MP: 6/6
  3143 | D:4      | Noticed an ice beast
  3182 | D:4      | Killed an ice beast
  3258 | D:5      | Entered Level 5 of the Dungeon
  3388 | D:5      | Reached skill level 6 in Unarmed Combat
  3456 | D:5      | Reached XP level 7. HP: 70/70 MP: 7/7
  3927 | D:6      | Reached skill level 7 in Unarmed Combat
  4214 | D:6      | Noticed Pikel
  4243 | D:6      | Killed Pikel
  4243 | D:6      | Reached *** piety under Makhleb
  4243 | D:6      | Reached skill level 5 in Fighting
  4243 | D:6      | Reached skill level 8 in Unarmed Combat
  4243 | D:6      | Reached XP level 8. HP: 43/80 MP: 8/10
  4527 | D:6      | Found a stormy altar of Qazlal.
  4844 | D:6      | Found a shattered altar of Ashenzari.
  5341 | D:7      | Noticed Joseph
  5492 | D:7      | Noticed asdu's ghost (novice HuAE)
  5562 | D:6      | Reached XP level 9. HP: 81/89 MP: 11/11
  5617 | D:7      | Reached skill level 9 in Unarmed Combat
  5679 | D:7      | Reached skill level 5 in Invocations
  5866 | D:7      | Killed Joseph
  5994 | D:7      | Found a radiant altar of Vehumet.
  6120 | D:7      | Found a staircase to the Ecumenical Temple.
  6370 | D:8      | Found a shattered altar of Ashenzari.
  6376 | D:8      | Reached skill level 10 in Unarmed Combat
  6574 | D:8      | Noticed mopl's ghost (novice BaFi)
  6807 | D:8      | Found a staircase to the Lair.
  6900 | D:8      | Found a glowing silver altar of Zin.
  6966 | D:8      | Reached **** piety under Makhleb
  7056 | D:8      | Found a basalt altar of Yredelemnul.
  7264 | D:8      | Noticed Grum
  7287 | D:8      | Reached skill level 11 in Unarmed Combat
  7414 | D:7      | Reached XP level 10. HP: 77/100 MP: 12/12
  7463 | D:8      | Killed Grum
  7899 | D:9      | Noticed an ice statue
  8103 | D:9      | Noticed a two-headed ogre
  8139 | D:9      | HP: 2/102 [two-headed ogre/giant spiked club (19)]
  8164 | D:9      | Killed a two-headed ogre
  8424 | D:9      | Found Fekoil's Armour Boutique.
  8759 | D:9      | Reached skill level 12 in Unarmed Combat
  8896 | D:9      | Noticed a two-headed ogre
  8926 | D:9      | Killed a two-headed ogre
  9238 | D:10     | Entered Level 10 of the Dungeon
  9649 | D:10     | Noticed a two-headed ogre
  9658 | D:10     | Killed a two-headed ogre
  9780 | D:10     | Noticed a gargoyle
  9789 | D:10     | Killed a gargoyle
  9858 | D:10     | Reached skill level 1 in Throwing
 10063 | D:10     | Got a steaming broad axe
 10064 | D:10     | Identified the +4 broad axe of Leuheusi {protect, rPois} (You found it on level 10 of the Dungeon)
 10294 | D:10     | Noticed a two-headed ogre
 10304 | D:10     | Killed a two-headed ogre
 10304 | D:10     | Reached skill level 13 in Unarmed Combat
 10304 | D:10     | Reached XP level 11. HP: 111/111 MP: 13/13
 10724 | D:11     | Found a staircase to the Orcish Mines.
 10795 | D:11     | Noticed a sea snake
 11255 | D:11     | Noticed a two-headed ogre
 11270 | D:11     | Killed a two-headed ogre
 11626 | D:12     | Found a frozen archway.
 11654 | D:12     | Reached ***** piety under Makhleb
 11654 | D:12     | Reached skill level 5 in Dodging
 11669 | IceCv    | Entered an ice cave
 12074 | IceCv    | Reached XP level 12. HP: 112/120 MP: 14/14
 12180 | IceCv    | Noticed a frost giant
 12716 | D:12     | Found a glowing silver altar of Zin.
 13827 | D:12     | Reached skill level 14 in Unarmed Combat
 14041 | Lair:1   | Entered Level 1 of the Lair of Beasts
 14170 | Lair:1   | Noticed a five-headed hydra
 14180 | Lair:1   | Killed an eight-headed hydra
 14310 | Lair:1   | Got a fine bone ring
 14320 | Lair:1   | Identified the ring of the Heavens {rCorr rElec} (You found it on level 1 of the Lair of Beasts)
 15099 | Lair:2   | Found a hole to the Spider Nest.
 15125 | Lair:2   | HP: 6/124 [torpor snail (20)]
 15128 | Lair:2   | Reached XP level 13. HP: 17/132 MP: 17/17
 16496 | Lair:3   | Found a stormy altar of Qazlal.
 16652 | Lair:4   | Reached skill level 10 in Fighting
 17017 | Lair:3   | HP: 7/199 [crocodile (7)]
 17269 | D:9      | Bought the +3 robe of Proximity {rPois rF+ Slay-3} for 340 gold pieces
 17431 | Lair:4   | Reached ****** piety under Makhleb
 17503 | Lair:4   | Reached skill level 15 in Unarmed Combat
 17934 | Lair:4   | Found a staircase to the Swamp.
 18608 | Lair:5   | Found a staircase to the Slime Pits.
 18609 | Lair:5   | Found a viscous altar of Jiyva.
 18636 | Slime:1  | Entered Level 1 of the Pits of Slime
 18636 | Slime:1  | Noticed an azure jelly
 18851 | Lair:5   | Noticed an entropy weaver
 18854 | Lair:5   | Noticed an entropy weaver
 19120 | Lair:5   | Noticed a cacodemon
 19121 | Lair:5   | HP: 5/136 [entropy weaver (14)]
 19121 | Lair:5   | HP: 2/136 [entropy weaver (3)]
 19121 | Lair:5   | Mangled by an entropy weaver

Vault maps used:
D:1:      dpeg_arrival_houses_and_road, serial_glass, glass_columns_a,
          glass_columns_b, minmay_misc_feat_enclosed
D:2:      grunt_temple_overflow_open, nicolae_overflow_crystal_walls,
          uniq_terence
D:4:      minmay_wonky_spiral, nemelex_xobeh_ov_fountains_minmay, first_bread,
          serial_shops, nicolae_shop_behind_doors
D:6:      ashenzari_conservatory_becter, grunt_qazlal_clouds, uniq_pikel
D:7:      kennysheep_little_box, serial_glass, glass_columns_a, glass_columns_a,
          uniq_joseph
D:8:      kennysheep_mini_moat, lemuel_zombie_altar_yredelemnul,
          lair_entry_dummy, hangedman_little_slice_of_home, ashenzari_altar_1,
          uniq_grum
D:9:      cheibrodos_frozen_isle, serial_shops, nicolae_shop_crystal,
          minmay_orc_keep
D:11:     david_orc_4, serial_aquarium, aquarium_bridge_square,
          aquarium_window_fake, aquarium_window_fake, aquarium_window_2,
          aquarium_view_2d, aquarium_balcony_1a
D:12:     portal_ice_cave_entry_pillars_2, basic_altar
Lair:2:   nicolae_spider_entry_non_spiders, serial_bayou_shore_b
Lair:3:   basic_altar
Lair:4:   swamp_mist
Lair:5:   slime_altar_1, nicolae_volcano_entry_s_turn, wad_woods_antlair,
          infiniplex_staircase_pool_2
IceCv:    ice_cave_small_giant

Skill      XL: |  1  2  3  4  5  6  7  8  9 10 11 12 13 |
---------------+----------------------------------------+-----
Unarmed Combat | 4 5 6 8 11 13 14 15 | 15.3
Fighting       | 3 4 5 6 8 9 10 | 10.9
Invocations    | 1 2 4 5 7 9 |  9.4
Throwing       | 1 4 |  4.2
Dodging        | 3 7 |  7.5
Stealth        | |  1.0

Action                   |  1- 3 |  4- 6 |  7- 9 | 10-12 | 13-15 || total
-------------------------+-------+-------+-------+-------+-------++-------
Melee: Unarmed           |    85 |   109 |   250 |   595 |   304 ||  1343
       Punch             |       |     3 |     7 |    37 |    23 ||    70
Throw: Large rock        |       |       |       |     1 |       ||     1
Invok: Minor Destruction |       |       |     2 |     1 |       ||     3
       Lesser Servant of |       |       |     3 |    15 |     5 ||    23
       Greater Servant o |       |       |       |       |     1 ||     1
  Use: Scroll            |       |     8 |       |    20 |     3 ||    31
       Potion            |       |     1 |       |    14 |     2 ||    17
 Stab: Sleeping          |     2 |     3 |     2 |     1 |       ||     8
       Distracted        |       |     1 |       |     2 |       ||     3
       Invisible         |       |       |       |     3 |       ||     3
  Eat: Chunk             |    17 |    16 |    38 |    74 |    36 ||   181
Armor: Robe              |    40 |    32 |    61 |    68 |    41 ||   242
       Skin              |       |     4 |       |    14 |       ||    18
       Troll leather arm |       |       |       |    79 |    42 ||   121
Dodge: Dodged            |    52 |    35 |   122 |   396 |   198 ||   803
